NWL (28 & UNDER)
RIVERSIDE RED BULLS @ BALZAC RAMS
09/05/2030
 
TOP OF THE 1ST
Riverside Red Bulls batting - Pitching for Balzac Rams : RHP José García
Pitching: RHP José García
Batting: SHB Carlos Ramírez 0-0: Ground out 4-3 (Groundball, 4)
Batting: RHB Bobby Miller 0-0: Called Strike
0-1: Ground out 6-3 (Groundball, 6)
Batting: LHB Gabriel Estrada 0-0: Called Strike
0-1: Ball
1-1: TRIPLE (Line Drive, 89XD)
Batting: RHB John Burton 0-0: Foul Ball, location: 2F
0-1: Called Strike
0-2: Ball
1-2: Strikes out swinging
Top of the 1st over - 0 runs, 1 hit, 0 errors, 1 left on base; Riverside 0 - Balzac 0
BOTTOM OF THE 1ST
Balzac Rams batting - Pitching for Riverside Red Bulls : RHP Adam Parker
Pitching: RHP Adam Parker
Batting: RHB Juan Jose López 0-0: Called Strike
0-1: Ball
1-1: Called Strike
1-2: Foul Ball, location: 2F
1-2: Fly out, F8 (Flyball, 8RS)
Batting: RHB Jorge Castillo 0-0: TRIPLE (Flyball, 7LD)
Batting: LHB Fernando Cruz 0-0: SINGLE (Flyball, 89M)
Jorge Castillo scores
Batting: RHB Pedro Molina 0-0: Ball
1-0: Grounds into double play, 6-4-3 (Groundball, 56)
Bottom of the 1st over - 1 run, 2 hits, 0 errors, 0 left on base; Riverside 0 - Balzac 1
TOP OF THE 2ND
Riverside Red Bulls batting - Pitching for Balzac Rams : RHP José García
Batting: LHB Miguel Gálvez 0-0: Swinging Strike
0-1: SINGLE (Groundball, 34D)
Batting: RHB Steve Meyers 0-0: Ball
1-0: Ball
2-0: Called Strike
2-1: Ball
3-1: Base on Balls
Miguel Gálvez to second
Batting: RHB Steve West 0-0: Fly out, F6 (Popup, 6MS)
Batting: RHB Luis Flores 0-0: Ball
1-0: Ball
2-0: Foul Ball, location: 2F
2-1: SINGLE (Line Drive, 8LM)
Miguel Gálvez to third
Steve Meyers to second
Batting: RHB José González 0-0: Ball
1-0: Ball
2-0: SINGLE (Line Drive, 34)
Miguel Gálvez scores
Steve Meyers to third
Luis Flores to second
Runner from 3rd tries for Home, SAFE, no throw
Batting: SHB Carlos Ramírez 0-0: Called Strike
0-1: Swinging Strike
0-2: Ball
1-2: Ball
2-2: Reached via error on a dropped throw, E6
Luis Flores to third
José González to second
Batting: RHB Bobby Miller 0-0: Ball
1-0: Ball
2-0: Ball
3-0: Called Strike
3-1: Swinging Strike
3-2: SINGLE (Line Drive, 8LS)
Luis Flores scores
José González to third
Carlos Ramírez to second
Batting: LHB Gabriel Estrada 0-0: Ball
1-0: Ground out 6-3 (Groundball, 6MS)
José González scores
Carlos Ramírez to third
Bobby Miller to second
Batting: RHB John Burton 0-0: Ball
1-0: Ball
Wild Pitch!
Carlos Ramírez scores
Bobby Miller to third
2-0: Foul Ball, location: 2F
2-1: Ball
3-1: Foul Ball, location: 2F
3-2: Foul Ball, location: 2F
3-2: Base on Balls
Batting: LHB Miguel Gálvez 0-0: Ball
1-0: Foul Ball, location: 2F
1-1: Fielders Choice at 2nd, 5-4 (Groundball, 56)
Top of the 2nd over - 5 runs, 4 hits, 1 error, 2 left on base; Riverside 5 - Balzac 1
BOTTOM OF THE 2ND
Balzac Rams batting - Pitching for Riverside Red Bulls : RHP Adam Parker
Batting: SHB Juan Soriano 0-0: Swinging Strike
0-1: Foul Ball, location: 2F
0-2: Foul Ball, location: 2F
0-2: Ball
1-2: Ball
2-2: DOUBLE (Line Drive, 7LM)
Batting: RHB Sam Lynch 0-0: Ball
1-0: Ball
2-0: Ball
3-0: Called Strike
3-1: SINGLE (Groundball, 34D)
Juan Soriano to third
Runner from 3rd tries for Home, SAFE, no throw
Batting: RHB Edgar Juárez 0-0: Called Strike
0-1: Called Strike
0-2: Ball
1-2: Grounds into double play, 6-4-3 (Groundball, 6)
Batting: RHB Thomas Bravo 0-0: Swinging Strike
0-1: DOUBLE (Line Drive, 7LM)
Batting: RHB Chris Forrest 0-0: Called Strike
0-1: Ball
1-1: Ball
2-1: Ball
3-1: SINGLE (Line Drive, 8LS)
Thomas Bravo to third
Batting: RHB Juan Jose López 0-0: Ball
1-0: Ball
2-0: Called Strike
2-1: Foul Ball, location: 2F
2-2: Strikes out swinging
Bottom of the 2nd over - 1 run, 4 hits, 0 errors, 2 left on base; Riverside 5 - Balzac 2
TOP OF THE 3RD
Riverside Red Bulls batting - Pitching for Balzac Rams : RHP José García
Batting: RHB Steve Meyers 0-0: Swinging Strike
0-1: SINGLE (Groundball, 34D)
Batting: RHB Steve West 0-0: Ball
1-0: Fly out, F7 (Flyball, 78M)
Batting: RHB Luis Flores 0-0: Ball
1-0: Ball
2-0: Grounds into double play, 4-6-3 (Groundball, 4)
Top of the 3rd over - 0 runs, 1 hit, 0 errors, 0 left on base; Riverside 5 - Balzac 2
BOTTOM OF THE 3RD
Balzac Rams batting - Pitching for Riverside Red Bulls : RHP Adam Parker
Batting: RHB Jorge Castillo 0-0: Called Strike
0-1: Fly out, F9 (Line Drive, 89S)
Batting: LHB Fernando Cruz 0-0: Ball
1-0: Ball
2-0: Ball
3-0: Base on Balls
Batting: RHB Pedro Molina 0-0: Ball
1-0: Ball
2-0: Fly out, F9 (Flyball, 9LS)
Batting: SHB Juan Soriano 0-0: TRIPLE (Flyball, 9LD)
Fernando Cruz scores
Batting: RHB Sam Lynch 0-0: Ball
1-0: Called Strike
1-1: Ground out 5-3 (Groundball, 56)
Bottom of the 3rd over - 1 run, 1 hit, 0 errors, 1 left on base; Riverside 5 - Balzac 3
TOP OF THE 4TH
Riverside Red Bulls batting - Pitching for Balzac Rams : RHP José García
Batting: RHB José González 0-0: Swinging Strike
0-1: Foul Ball, location: 2F
0-2: Ball
1-2: Foul Ball, location: 2F
1-2: Ball
2-2: Ground out 4-3 (Groundball, 4)
Batting: SHB Carlos Ramírez 0-0: Foul Ball, location: 2F
0-1: Ground out 6-3 (Groundball, 6)
Batting: RHB Bobby Miller 0-0: Called Strike
0-1: Ball
1-1: Ball
2-1: Ground out 6-3 (Groundball, 6)
Top of the 4th over - 0 runs, 0 hits, 0 errors, 0 left on base; Riverside 5 - Balzac 3
BOTTOM OF THE 4TH
Balzac Rams batting - Pitching for Riverside Red Bulls : RHP Adam Parker
Batting: RHB Edgar Juárez 0-0: Ball
1-0: Ball
2-0: Fly out, F7 (Flyball, 7LS)
Batting: RHB Thomas Bravo 0-0: Called Strike
0-1: Called Strike
0-2: Foul Ball, location: 2F
0-2: Ball
1-2: Strikes out looking
Batting: RHB Chris Forrest 0-0: Ball
1-0: Fly out, F4 (Popup, 4)
Bottom of the 4th over - 0 runs, 0 hits, 0 errors, 0 left on base; Riverside 5 - Balzac 3
TOP OF THE 5TH
Riverside Red Bulls batting - Pitching for Balzac Rams : RHP José García
Batting: LHB Gabriel Estrada 0-0: Foul Ball, location: 2F
0-1: Swinging Strike
0-2: Ball
1-2: Foul Ball, location: 2F
1-2: Ball
2-2: Strikes out swinging
Batting: RHB John Burton 0-0: Called Strike
0-1: Swinging Strike
0-2: Ball
1-2: Ball
2-2: Ground out 4-3 (Groundball, 4)
Batting: LHB Miguel Gálvez 0-0: Fly out, F3 (Popup, 3F)
Top of the 5th over - 0 runs, 0 hits, 0 errors, 0 left on base; Riverside 5 - Balzac 3
BOTTOM OF THE 5TH
Balzac Rams batting - Pitching for Riverside Red Bulls : RHP Adam Parker
Batting: RHB Juan Jose López 0-0: Ball
1-0: Called Strike
1-1: Foul Ball, location: 2F
1-2: Foul Ball, location: 2F
1-2: Foul Ball, location: 2F
1-2: Foul Ball, location: 2F
1-2: Ground out 4-3 (Groundball, 4)
Batting: RHB Jorge Castillo 0-0: Called Strike
0-1: DOUBLE (Groundball, 5L)
Batting: LHB Fernando Cruz 0-0: Ground out 1-3 (Groundball, 13)
Jorge Castillo to third
Batting: RHB Pedro Molina 0-0: Hit by Pitch
Pinch Runner at 1st Alonso Contrera:
Batting: SHB Juan Soriano 0-0: Foul Ball, location: 2F
0-1: Ball
1-1: Ball
2-1: Called Strike
2-2: Strikes out looking
Bottom of the 5th over - 0 runs, 1 hit, 0 errors, 2 left on base; Riverside 5 - Balzac 3
TOP OF THE 6TH
Riverside Red Bulls batting - Pitching for Balzac Rams : RHP José García
Now at C: Alonso Contrera
Batting: RHB Steve Meyers 0-0: Ball
1-0: Ball
2-0: Ball
3-0: Base on Balls
Pitching: RHP Nick Duncan
Batting: RHB Steve West Pickoff Throw to First - Error! E1
Steve Meyers to second
0-0: Called Strike
0-1: Ground out 6-3 (Groundball, 6)
Steve Meyers to third
Batting: RHB Luis Flores 0-0: Called Strike
0-1: Ball
1-1: Foul Ball, location: 2F
1-2: Ball
2-2: Foul Ball, location: 2F
2-2: Ball
3-2: TRIPLE (Flyball, 9D)
Steve Meyers scores
Batting: RHB José González 0-0: Ball
1-0: Called Strike
1-1: Ball
2-1: Ball
3-1: Base on Balls
Batting: SHB Carlos Ramírez 0-0: Called Strike
José González is caught stealing 2nd base
0-1: Swinging Strike
0-2: Strikes out swinging
Top of the 6th over - 1 run, 1 hit, 1 error, 1 left on base; Riverside 6 - Balzac 3
BOTTOM OF THE 6TH
Balzac Rams batting - Pitching for Riverside Red Bulls : RHP Adam Parker
Batting: RHB Sam Lynch 0-0: Swinging Strike
0-1: Ball
1-1: Ball
2-1: Foul Ball, location: 2F
2-2: Foul Ball, location: 2F
2-2: Foul Ball, location: 2F
2-2: Strikes out swinging
Batting: RHB Edgar Juárez 0-0: Called Strike
0-1: Ball
1-1: DOUBLE (Line Drive, 78D)
Batting: RHB Thomas Bravo 0-0: Called Strike
0-1: Swinging Strike
0-2: Fly out, F8 (Flyball, 89M)
Batting: RHB Chris Forrest 0-0: Ball
1-0: Foul Ball, location: 2F
1-1: Called Strike
1-2: Ball
2-2: Strikes out swinging
Bottom of the 6th over - 0 runs, 1 hit, 0 errors, 1 left on base; Riverside 6 - Balzac 3
TOP OF THE 7TH
Riverside Red Bulls batting - Pitching for Balzac Rams : LHP Roberto Galaz
Pitching: LHP Roberto Galaz
Batting: RHB Bobby Miller 0-0: SINGLE (Flyball, 8LS)
Batting: LHB Gabriel Estrada 0-0: Ball
1-0: Ball
2-0: Called Strike
2-1: Swinging Strike
2-2: Strikes out swinging
Batting: RHB John Burton 0-0: Ball
1-0: Foul Ball, location: 2F
1-1: Ball
2-1: Foul Ball, location: 2F
2-2: Grounds into double play, 6-4-3 (Groundball, 6)
Top of the 7th over - 0 runs, 1 hit, 0 errors, 0 left on base; Riverside 6 - Balzac 3
BOTTOM OF THE 7TH
Balzac Rams batting - Pitching for Riverside Red Bulls : RHP Adam Parker
Pitching: LHP Pepe Gómez
Batting: RHB Juan Jose López 0-0: Ball
1-0: Ground out 4-3 (Groundball, 4)
Batting: RHB Jorge Castillo 0-0: Called Strike
0-1: Ball
1-1: SOLO HOME RUN (Flyball, 9LD), Distance : 412 ft
Batting: LHB Fernando Cruz 0-0: Called Strike
0-1: DOUBLE (Line Drive, 9LS)
Batting: SHB Alonso Contrera 0-0: Ball
1-0: Ball
2-0: SINGLE (Groundball, 56D)
Fernando Cruz to third
Batting: SHB Juan Soriano 0-0: Ball
1-0: Ball
2-0: Ball
3-0: Foul Ball, location: 2F
3-1: Base on Balls
Alonso Contrera to second
Batting: RHB Sam Lynch 0-0: SINGLE (Line Drive, 6MD)
Fernando Cruz scores
Alonso Contrera to third
Juan Soriano to second
Pitching: RHP Máximo Salazar
Pinch Hitting: RHB Gunner Allen 0-0: Foul Ball, location: 2F
0-1: Ball
1-1: Ball
2-1: Called Strike
2-2: Strikes out swinging
Batting: RHB Thomas Bravo Balk!
Alonso Contrera scores
Juan Soriano to third
Sam Lynch to second
0-0: Ball
1-0: Foul Ball, location: 2F
1-1: Ball
2-1: Swinging Strike
2-2: Foul Ball, location: 2F
2-2: Foul Ball, location: 2F
2-2: Ball
3-2: Foul Ball, location: 2F
3-2: Base on Balls
Pinch Hitting: RHB Elliott Horn 0-0: Called Strike
0-1: Ball
1-1: Foul Ball, location: 2F
1-2: Strikes out looking
Bottom of the 7th over - 3 runs, 4 hits, 0 errors, 3 left on base; Riverside 6 - Balzac 6
TOP OF THE 8TH
Riverside Red Bulls batting - Pitching for Balzac Rams : LHP Roberto Galaz
Now at 3B: Elliott Horn
Now in LF: Gunner Allen
Batting: LHB Miguel Gálvez 0-0: Ball
1-0: Fly out, F4 (Popup, 4)
Batting: RHB Steve Meyers 0-0: Ball
1-0: Fly out, F4 (Popup, 4M)
Batting: RHB Steve West 0-0: Fly out, F8 (Flyball, 8RM)
Top of the 8th over - 0 runs, 0 hits, 0 errors, 0 left on base; Riverside 6 - Balzac 6
BOTTOM OF THE 8TH
Balzac Rams batting - Pitching for Riverside Red Bulls : RHP Máximo Salazar
Batting: RHB Juan Jose López 0-0: Ball
1-0: Ground out 6-3 (Groundball, 6M)
Batting: RHB Jorge Castillo 0-0: Ball
1-0: Called Strike
1-1: Ground out 6-3 (Groundball, 6)
Batting: LHB Fernando Cruz 0-0: Swinging Strike
0-1: Ball
1-1: Fly out, F9 (Line Drive, 9)
Bottom of the 8th over - 0 runs, 0 hits, 0 errors, 0 left on base; Riverside 6 - Balzac 6
TOP OF THE 9TH
Riverside Red Bulls batting - Pitching for Balzac Rams : LHP Roberto Galaz
Batting: RHB Luis Flores 0-0: Ball
1-0: Foul Ball, location: 2F
1-1: Called Strike
1-2: Foul Ball, location: 2F
1-2: Strikes out swinging
Batting: RHB José González 0-0: Called Strike
0-1: Ball
1-1: Called Strike
1-2: Ball
2-2: Strikes out swinging
Batting: SHB Carlos Ramírez 0-0: Ball
1-0: Ball
2-0: Ball
3-0: Called Strike
3-1: Called Strike
3-2: Fly out, F4 (Popup, 34D)
Top of the 9th over - 0 runs, 0 hits, 0 errors, 0 left on base; Riverside 6 - Balzac 6
BOTTOM OF THE 9TH
Balzac Rams batting - Pitching for Riverside Red Bulls : RHP Máximo Salazar
Batting: SHB Alonso Contrera 0-0: Called Strike
0-1: Ball
1-1: Swinging Strike
1-2: Strikes out swinging
Batting: SHB Juan Soriano 0-0: Ground out 4-3 (Groundball, 4)
Batting: RHB Sam Lynch 0-0: Fly out, F7 (Line Drive, 7)
Bottom of the 9th over - 0 runs, 0 hits, 0 errors, 0 left on base; Riverside 6 - Balzac 6
TOP OF THE 10TH
Riverside Red Bulls batting - Pitching for Balzac Rams : LHP Roberto Galaz
Batting: RHB Bobby Miller 0-0: Foul Ball, location: 2F
0-1: Called Strike
0-2: Ball
1-2: Ball
2-2: Ball
3-2: Foul Ball, location: 2F
3-2: Base on Balls
Batting: LHB Gabriel Estrada 0-0: Swinging Strike
0-1: Ball
1-1: Called Strike
1-2: Foul Ball, location: 2F
1-2: Ball
2-2: Strikes out swinging
Batting: RHB John Burton 0-0: Fly out, F8 (Flyball, 8LD)
Batting: LHB Miguel Gálvez 0-0: Ball
1-0: Ball
2-0: Ball
Wild Pitch!
Bobby Miller to second
3-0: Called Strike
3-1: Ground out U3 (Groundball, 34S)
Top of the 10th over - 0 runs, 0 hits, 0 errors, 1 left on base; Riverside 6 - Balzac 6
BOTTOM OF THE 10TH
Balzac Rams batting - Pitching for Riverside Red Bulls : RHP Máximo Salazar
Batting: RHB Gunner Allen 0-0: Ball
1-0: Ball
2-0: Foul Ball, location: 2F
2-1: Called Strike
2-2: Ground out 5-3 (Groundball, 5)
Batting: RHB Thomas Bravo 0-0: Called Strike
0-1: Called Strike
0-2: Ball
1-2: Foul Ball, location: 2F
1-2: SINGLE (Flyball, 7S)
Pinch Runner at 1st Raúl Colomo:
Batting: RHB Elliott Horn 0-0: Called Strike
Pickoff Throw to First - Out!
0-1: Swinging Strike
0-2: Strikes out swinging
Bottom of the 10th over - 0 runs, 1 hit, 0 errors, 0 left on base; Riverside 6 - Balzac 6
TOP OF THE 11TH
Riverside Red Bulls batting - Pitching for Balzac Rams : LHP Roberto Galaz
Now in CF: Paco Gálvez
Batting: RHB Steve Meyers 0-0: Ground out 5-3 (Groundball, 56)
Batting: RHB Steve West 0-0: Ball
1-0: Called Strike
1-1: SINGLE (Groundball, 34D)
Batting: RHB Luis Flores 0-0: Ball
Steve West is caught stealing 2nd base
1-0: SINGLE (Flyball, 89S)
Batting: RHB José González 0-0: Ball
1-0: Called Strike
1-1: Ball
2-1: Called Strike
2-2: Strikes out looking
Top of the 11th over - 0 runs, 2 hits, 0 errors, 1 left on base; Riverside 6 - Balzac 6
BOTTOM OF THE 11TH
Balzac Rams batting - Pitching for Riverside Red Bulls : RHP Máximo Salazar
Batting: RHB Juan Jose López 0-0: Ball
1-0: Ground out 4-3 (Groundball, 4)
Batting: RHB Jorge Castillo 0-0: Called Strike
0-1: Ball
1-1: Ball
2-1: SINGLE (Groundball, 4MD)
Batting: LHB Fernando Cruz 0-0: Ball
1-0: Ball
2-0: Ball
3-0: DOUBLE (Line Drive, 8LD)
Jorge Castillo to third
Batting: SHB Alonso Contrera 0-0: Intentional Walk
Batting: SHB Juan Soriano 0-0: Called Strike
0-1: Ball
1-1: Grounds into fielders choice 6-2 (Groundball, 6M)
Fernando Cruz to third
Alonso Contrera to second
Batting: RHB Sam Lynch 0-0: Fielders Choice at 2nd, 6-4 (Groundball, 6)
Bottom of the 11th over - 0 runs, 2 hits, 0 errors, 3 left on base; Riverside 6 - Balzac 6
TOP OF THE 12TH
Riverside Red Bulls batting - Pitching for Balzac Rams : LHP Roberto Galaz
Batting: SHB Carlos Ramírez 0-0: Called Strike
0-1: Ball
1-1: Called Strike
1-2: Ball
2-2: Ball
3-2: Base on Balls
Pitching: RHP Guillermo Lozano
Batting: RHB Bobby Miller 0-0: Ball
1-0: Called Strike
1-1: Ball
2-1: Foul Ball, location: 2F
2-2: Ground out 5-3 (Groundball, 56S)
Carlos Ramírez to second
Batting: LHB Gabriel Estrada 0-0: Ball
1-0: Ball
Wild Pitch!
Carlos Ramírez to third
2-0: Swinging Strike
2-1: Ball
3-1: Called Strike
3-2: Ground out 6-3 (Groundball, 6)
Batting: RHB John Burton 0-0: Ball
1-0: Ball
2-0: Called Strike
2-1: Ground out U3 (Groundball, 3)
Top of the 12th over - 0 runs, 0 hits, 0 errors, 1 left on base; Riverside 6 - Balzac 6
BOTTOM OF THE 12TH
Balzac Rams batting - Pitching for Riverside Red Bulls : RHP Máximo Salazar
Batting: RHB Gunner Allen 0-0: Ball
1-0: Called Strike
1-1: Ball
2-1: Fly out, F7 (Flyball, 7)
Batting: LHB Paco Gálvez 0-0: Called Strike
0-1: Foul Ball, location: 2F
0-2: Strikes out looking
Batting: RHB Elliott Horn 0-0: Ball
1-0: Ball
2-0: Called Strike
2-1: Foul Ball, location: 2F
2-2: Foul Ball, location: 2F
2-2: TRIPLE (Flyball, 9LD)
Batting: RHB Juan Jose López 0-0: Called Strike
0-1: Ball
1-1: Ball
2-1: Foul Ball, location: 2F
2-2: Foul Ball, location: 2F
2-2: SINGLE (Flyball, 78S)
Elliott Horn scores
Saturday, April 7th, 2018 - OOTP Baseball 18.8 Build 76